 Seeded DCSS version 0.31-a0-145-g046c7d2549 (webtiles) character file.

Game seed: 13756538122855080540 (custom seed)

99 Pimp the Grasshopper (level 4, 0/39 HPs)
             Began as an Armataur Warper on June 6, 2023.
             Slain by an adder (4 damage)
             ... in a sewer.
             The game lasted 00:04:44 (2000 turns).

Pimp the Grasshopper (Armataur Warper)              Turns: 2000, Time: 00:04:45

Health: 0/39       AC:  5    Str: 16    XL:     4   Next: 45%
Magic:  7/7        EV:  9    Int: 21    God:
Gold:   86         SH:  0    Dex: 10    Spells: 7/7 levels left

rFire   + . .        a - +0 falchion
rCold   . . .        (no shield)
rNeg    . . .        i - +0 leather armour {rF+}
rPois   .            (no helmet)
rElec   .            c - +0 cloak of Recklessness {Int+6 SInv}
rCorr   .            (no gloves)
SInv    +            (no barding)
Will    .....        j - amulet of magic regeneration
Stlth   +            (no ring)
HPRegen 0.26/turn    (no ring)
MPRegen 0.50/turn

%: roll
@: weak-willed, hasted, very quick
A: large, rugged brown scales 3, deformed body, armoured tail, roll, long
tongue, awkward tongue
a: no special abilities


You were in a sewer.
You visited 1 branch of the dungeon, and saw 3 of its levels.
You also visited: Sewer.

You collected 86 gold pieces.

Inventory:

Hand Weapons
 a - a +0 falchion (weapon)
Missiles
 g - 3 boomerangs (quivered)
Armour
 b - a +0 leather armour
 c - the +0 cloak of Recklessness (worn) {Int+6 SInv}
   (You acquired it on level 1 of the Dungeon)

   Int:       It affects your intelligence (+6).
   SInv:      It lets you see invisible.
 h - an orb of guile
 i - a +0 leather armour of fire resistance (worn)
Jewellery
 j - an amulet of magic regeneration (around neck)
Potions
 d - a potion of haste
 f - 2 potions of enlightenment {unknown}


   Skills:
 + Level 2.3 Fighting
 + Level 2.4 Long Blades
 + Level 1.6 Throwing
 + Level 2.3 Armour
 - Level 1.6 Dodging
 + Level 2.1 Spellcasting
 + Level 3.4 Translocations


You had 7 spell levels left.
You didn't know any spells.
Your spell library contained the following spells:

 Spells                   Type           Power      Damage    Failure   Level
 Blink                    Tloc           32%        N/A       6%          2
 Lesser Beckoning         Tloc           32%        N/A       6%          2
 Momentum Strike          Conj/Tloc      18%        3d8       13%         2
 Teleport Other           Tloc           16%        N/A       13%         3
 Vhi's Electric Charge    Tloc/Air       18%        N/A       26%         3
 Manifold Assault         Tloc           16%        N/A       38%         4


Dungeon Overview and Level Annotations

Branches:
Dungeon (3/15)              Sewer (1/1)

Altars:
Makhleb

Annotations:
Sewer Pargi


Innate Abilities, Weirdness & Mutations

You are completely covered in rugged brown scales. (AC +3, +7% HP)
Armour fits poorly on your strangely shaped body.
You have a long armoured tail.
You roll when moving toward enemies. (Rampage)
Your long tongue fully drains potion bottles. (2x potion effects)
Your tongue gives you trouble enunciating. (1.5x scroll delay)


Message History

Pargi bites you.
* * * LOW HITPOINT WARNING * * *
Pargi claws you but does no damage. x2
The frilled lizard completely misses you.
The adder bites you.
* * * LOW HITPOINT WARNING * * *
You aren't carrying any scrolls.
You don't know any spells.
Okay, then.
Throw: 3 boomerangs
Press: ? - help, Q - select action Shift-Dir - straight line, f - frilled lizard
Aim: a frilled lizard (35% to hit)
You throw a boomerang. The boomerang hits the frilled lizard.
You kill the frilled lizard!
Pargi bites you but does no damage. Pargi claws you.
* * * LOW HITPOINT WARNING * * *
Pargi claws you but does no damage. The adder barely misses you.
Throw: 3 boomerangs
Press: ? - help, Q - select action Shift-Dir - straight line, f - Pargi
Aim: Pargi (lightly wounded, weak-willed, 47% to hit)
You throw a boomerang. The boomerang hits Pargi.
Pargi is moderately wounded.
The adder barely misses you.
Pargi hisses, "I bite!"
Pargi bites you but does no damage. Pargi closely misses you.
Pargi barely misses you.
Throw: 3 boomerangs
Press: ? - help, Q - select action Shift-Dir - straight line, f/p - Pargi
Aim: Pargi (moderately wounded, weak-willed, 47% to hit)
You throw a boomerang. The boomerang barely misses Pargi.
The adder bites you but does no damage. Pargi bites you but does no damage.
Pargi barely misses you. Pargi claws you.
* * * LOW HITPOINT WARNING * * *
Throw: 3 boomerangs
Press: ? - help, Q - select action Shift-Dir - straight line, f/p - Pargi
Aim: Pargi (moderately wounded, weak-willed, 47% to hit)
You throw a boomerang. The boomerang hits Pargi.
Pargi is heavily wounded.
The adder bites you.
You die...

≈≈∩.# #~≈≈≈≈≈≈≈≈
≈~###
~...~.T≈≈≈≈≈≈≈≈≈
.##
#######.≈≈≈≈≈≈≈≈
~# #~≈≈≈≈≈≈≈# ##
.~≈≈≈≈≈≈≈≈
##~≈≈≈≈≈≈≈≈
###.~≈≈≈≈≈≈≈≈
##.T~≈≈≈≈≈≈≈≈≈
#.@≈≈≈≈≈≈≈≈
#..~~≈S≈≈≈≈≈≈≈≈
#.~~≈≈≈≈≈≈≈≈≈≈≈#
.~≈≈≈≈≈≈≈≈≈≈≈≈##
≈≈≈≈≈≈≈≈≈≈≈≈≈≈#
≈≈≈≈≈≈≈≈≈≈≈≈###
≈≈≈≈≈≈≈≈≈≈≈##
≈≈≈≈≈≈≈≈≈≈##


You could see Pargi (weak-willed) and an adder.

Vanquished Creatures
  4 adders
  A river rat (D:3)
  3 dart slugs
  2 bats (D:1)
  2 endoplasms
  4 giant cockroaches
  3 goblins
  3 hobgoblins
  4 jackals (D:2)
  6 ball pythons
  4 frilled lizards (Sewer)
  3 kobolds
  7 rats
46 creatures vanquished.

Notes
Turn   | Place    | Note
-------+----------+-------------------------------------------
     0 | D:1      | Pimp the Armataur Warper began the quest for the Orb.
     0 | D:1      | Reached XP level 1. HP: 18/18 MP: 3/3
   176 | D:1      | Reached skill level 1 in Throwing
   221 | D:1      | Reached XP level 2. HP: 22/25 MP: 4/4
   460 | D:1      | Identified a scroll of acquirement
   460 | D:1      | Acquired the +0 cloak of Recklessness {Int+6 SInv}
  1136 | D:2      | Reached XP level 3. HP: 28/31 MP: 6/6
  1179 | D:2      | Found a burning altar of Makhleb.
  1200 | D:2      | Found a faded altar of an unknown god.
  1323 | D:2      | Reached XP level 4. HP: 33/38 MP: 7/7
  1792 | D:3      | Found a glowing drain.
  1832 | Sewer    | Entered a sewer
  1974 | Sewer    | Noticed Pargi
  2000 | Sewer    | Slain by an adder

Illustrated notes

Levels and vault maps discovered:
D:1:      scummos_arrival_star, layout_basic
D:2:      layout_basic, basic_altar, basic_ecumenical_altar, grunt_decor_cap
D:3:      layout_basic, mainiacjoe_overflow_alcove_1, portal_sewer_entry_b,
          minmay_close_crescents, uniq_ijyb, uniq_sigmund
Sewer:    sewer_co_pargi_island

Skill      XL: |  1  2  3 |
---------------+----------+-----
Throwing       | 1 |  1.6
Long Blades    | 2 |  2.4
Fighting       | 2 |  2.3
Spellcasting   | 2 |  2.1
Armour         | 2 |  2.3
Dodging        | |  1.6
Translocations | |  3.4

Action                     |  1- 3 |  4- 6 || total
---------------------------+-------+-------++-------
  Melee: Falchion          |   100 |    75 ||   175
         Tailslap          |    13 |     4 ||    17
  Throw: Boomerang         |     8 |     4 ||    12
    Use: Scroll            |     2 |     2 ||     4
         Potion            |       |     2 ||     2
 Armour: Leather armour    |    53 |    36 ||    89
  Dodge: Dodged            |    37 |    77 ||   114

Table legend: (Time is in decaauts)
 A = Elapsed time spent in this place.
 B = Non-inter-level travel time spent in this place.
 C = Inter-level travel time spent in this place.
 D = Time resting spent in this place.
 E = Time spent auto-exploring this place.
 F = Levels seen in this place.
 G = Mean time per level.
                   A        B        C        D        E       F      G
               +--------+--------+--------+--------+--------+-----+--------+
         Total |   2032 |   1874 |    158 |    130 |   1282 |   4 |  508.0 |
       Dungeon |   1861 |   1703 |    158 |     48 |   1259 |   3 |  620.3 |
         Sewer |    171 |    171 |      0 |     82 |     23 |   1 |  171.0 |
               +--------+--------+--------+--------+--------+-----+--------+

Top non-repeatable levels by time:
     D:1: 1042 daAuts
     D:2: 606 daAuts
     D:3: 212 daAuts
   Sewer: 171 daAuts
